 Dungeon Crawl Stone Soup version 0.27.1-35-g4d5d836560 (webtiles) character file.

Game seed: 7701804434061941919

1348 cbfl8 the Cleaver (level 8, -5/105 HPs)
             Began as a Minotaur Berserker on July 11, 2022.
             Was a Priest of Trog.
             Slain by an orc warrior (14 damage)
             ... on level 6 of the Dungeon.
             The game lasted 00:10:03 (6240 turns).

cbfl8 the Cleaver (Minotaur Berserker)              Turns: 6240, Time: 00:10:05

Health: -5/105     AC: 10    Str: 22 (24) XL:     8   Next: 36%
Magic:  16/16      EV: 11    Int:  2 (4)  God:    Trog [***...]
Gold:   204        SH:  4    Dex:  9 (10) Spells: 7/7 levels left

rFire    . . .     SeeInvis .   m - +0 war axe
rCold    + . .     Faith    .   h - +0 buckler
rNeg     . . .     Spirit   .   q - +4 ring mail {rF+}
rPois    .         Reflect  .   (helmet restricted)
rElec    .         Harm     .   (no cloak)
rCorr    .         Rampage  .   (no gloves)
Will     ++...                  (no boots)
Stlth    ..........             u - amulet of magic regeneration
HPRegen  1.27/turn              k - ring of magical power
MPRegen  0.40/turn              p - ring of ice

@: berserking, strong-willed, regenerating, very quick
A: horns 2, retaliatory headbutt
a: Renounce Religion, Berserk, Trog's Hand


You were on level 6 of the Dungeon.
You worshipped Trog.
Trog was most pleased with you.
You visited 1 branch of the dungeon, and saw 6 of its levels.

You collected 204 gold pieces.

Inventory:

Hand Weapons
 a - a +0 hand axe
 d - a +0 mace of protection
 m - a +0 war axe (weapon)
Armour
 h - a +0 buckler (worn)
 l - a +0 scale mail
 q - a +4 ring mail of fire resistance (worn)
 y - the +3 leather armour "Ceuplywn" {rC- rN+ Int+3}
   (You found it on level 5 of the Dungeon)

   Int:       It affects your intelligence (+3).
   rC:        It makes you vulnerable to cold.
   rN:        It protects you from negative energy.
Jewellery
 k - a ring of magical power (left hand)
 p - a ring of ice (right hand)
 u - an amulet of magic regeneration (around neck)
Scrolls
 c - a scroll of summoning {unknown}
 e - a scroll of teleportation {unknown}
 i - a scroll of acquirement {unknown}
 j - 10 scrolls of identify {unknown}
 n - 2 scrolls of silence {unknown}
 r - a scroll of fog {unknown}
 x - a scroll of brand weapon {unknown}
Potions
 g - a potion of ambrosia {unknown}
 o - a potion of haste {unknown}
 t - a potion of flight {unknown}
 v - a potion of lignification {unknown}
 w - a potion of attraction {unknown}


   Skills:
 + Level 6.1 Fighting
 + Level 8.1(8.2) Axes
 + Level 1.2(5.2) Maces & Flails
 + Level 6.6 Armour
 + Level 4.0 Dodging
 + Level 2.1 Stealth
 + Level 2.3 Shields


You had 7 spell levels left.
You didn't know any spells.
Your spell library contained the following spells:

 Spells                   Type           Power      Damage    Failure   Level
 Gell's Gravitas          Tloc           0%         N/A       98%         3
 Lesser Beckoning         Tloc           0%         N/A       98%         3
 Teleport Other           Tloc           0%         N/A       98%         3


Dungeon Overview and Level Annotations

Branches:
Dungeon (6/15)
 Temple: D:4-7

Altars:
Ashenzari
Nemelex Xobeh
Yredelemnul
The Shining One


Innate Abilities, Weirdness & Mutations

You have a pair of horns on your head.
You reflexively headbutt those who attack you in melee.


Message History

* * * LOW HITPOINT WARNING * * *
You hit the ogre. You headbutt the ogre!
You kill the ogre!
Trog accepts your kill.
You completely miss the orc. You closely miss the orc priest.
You feel your strength returning.
Your Axes skill increases to level 8!
Your Dodging skill increases to level 4!
You hit the orc warrior.
The orc warrior is lightly wounded.
You hit the orc. You completely miss the orc priest.
You block the orc's attack.
An orc comes into view.
It is wielding a +3 hand axe of freezing.
The orc priest calls upon Beogh to heal the orc warrior.
The orc warrior's wounds heal themselves!
The orc warrior hits you with a +0 dire flail.
* * * LOW HITPOINT WARNING * * *
You are too berserk!
You barely miss the orc warrior. Your headbutt misses the orc warrior.
You closely miss the orc priest. You barely miss the orc.
The orc hits you but does no damage. The orc priest completely misses you.
Unknown command.
You slash the orc warrior!
You headbutt the orc warrior, but do no damage.
The orc warrior is heavily wounded.
You hit the orc. You slash the orc!
You kill the orc!
Trog accepts your kill.
You closely miss the orc priest. You block the orc warrior's attack.
The orc closely misses you. You furiously retaliate!
You headbutt the orc!
You kill the orc!
Trog accepts your kill.
You hit the orc warrior.
The orc warrior is severely wounded.
You slice the orc priest!!
You feel the power of Trog in you as your rage grows.
You kill the orc priest!
Trog accepts your kill.
The orc warrior hits you with a +0 dire flail!
You die...

#..###......!..
.............^.
#...........
##...<##.####
#....(# .# #
#..#..###.# #.#
....##......##..#
.... #...).....#
#..###...o@).####
.....o...)o).....#
............####.#
..............#
#...........#.#
..>....#.####.#
.......#.# .
.......... ..
..........#


You could see an orc warrior, an orc priest and an orc.

Vanquished Creatures
  A sky beast (D:5)
  An orc warrior (D:4)
  An ice beast (D:5)
  2 ogres
  A black bear (D:5)
  2 necrophages (D:5)
  2 scorpions
  A jelly (D:5)
  2 hounds (D:5)
  4 orc priests
  2 iguanas (D:5)
  3 orc wizards
  A scorpion zombie (D:5)
  A hound zombie (D:5)
  3 gnolls (D:5)
  4 adders
  A white imp (D:5)
  5 dart slugs
  2 worms
  17 orcs
  6 ball pythons
  3 bats
  An endoplasm (D:2)
  2 giant cockroaches (D:2)
  3 goblins (D:1)
  8 hobgoblins
  7 jackals
  4 kobolds
  2 quokkas
  3 frilled lizards
  2 rats (D:1)
97 creatures vanquished.

Notes
Turn   | Place    | Note
-------+----------+-------------------------------------------
     0 | D:1      | cbfl8 the Minotaur Berserker began the quest for the Orb.
     0 | D:1      | Reached XP level 1. HP: 19/19 MP: 0/0
   421 | D:1      | Reached skill level 4 in Axes
   421 | D:1      | Reached XP level 2. HP: 27/27 MP: 1/1
  1329 | D:2      | Reached XP level 3. HP: 32/33 MP: 2/2
  1364 | D:2      | Found a sparkling altar of Nemelex Xobeh.
  1399 | D:2      | Reached ** piety under Trog
  1449 | D:2      | Found a faded altar of an unknown god.
  2479 | D:3      | Found a glowing golden altar of the Shining One.
  2760 | D:3      | Reached XP level 4. HP: 33/41 MP: 3/3
  2837 | D:3      | Reached skill level 1 in Maces & Flails
  3081 | D:3      | Found a basalt altar of Yredelemnul.
  3428 | D:4      | Noticed a scorpion
  3441 | D:4      | Killed a scorpion
  3442 | D:4      | Reached skill level 1 in Stealth
  3442 | D:4      | Reached XP level 5. HP: 36/47 MP: 4/4
  3458 | D:4      | Reached skill level 1 in Shields
  3638 | D:4      | Found a broken altar of Ashenzari.
  3773 | D:4      | Noticed an orc warrior
  3782 | D:4      | Killed an orc warrior
  3783 | D:4      | Reached skill level 5 in Axes
  3783 | D:4      | Reached XP level 6. HP: 4/55 MP: 5/5
  3801 | D:4      | Reached skill level 5 in Fighting
  4418 | D:5      | Entered Level 5 of the Dungeon
  4432 | D:5      | Reached skill level 6 in Axes
  4541 | D:5      | Reached skill level 5 in Armour
  4554 | D:5      | Reached XP level 7. HP: 61/61 MP: 6/6
  4739 | D:5      | Reached *** piety under Trog
  4784 | D:5      | Identified the +3 leather armour "Ceuplywn" {rC- rN+ Int+3}
  4865 | D:5      | Reached skill level 7 in Axes
  5592 | D:6      | Noticed a death knight
  5972 | D:5      | Reached XP level 8. HP: 59/70 MP: 7/7
  6237 | D:6      | Reached skill level 8 in Axes
  6240 | D:6      | Slain by an orc warrior

Illustrated notes

Levels and vault maps discovered:
D:1:      onia_arrival_pyramid, layout_basic, minmay_tiny_reverse_x
D:2:      layout_loops_ring, shapermc_ecumenical_altar_mp_highgroup, basic_altar
D:3:      layout_loops_corners, nicolae_overflow_hidden_temple,
          mainiacjoe_overflow_surrounded_room, kennysheep_generic_room_12
D:4:      layout_basic, cheibrodos_ashenzari_chains, guppyfry_early_orc_mine
D:5:      layout_basic, cheibrodos_sewer_entry_bend, grunt_ministairs_13,
          minmay_misc_feat_chi, skrybe_limestone_x, minivault_14
D:6:      layout_rooms, mainiacjoe_overflow_catwalk, serial_shops,
          kennysheep_mini_moat, kennysheep_generic_room_14, uniq_sigmund,
          uniq_menkaure

Skill      XL: |  1  2  3  4  5  6  7  8 |
---------------+-------------------------+-----
Axes           | 4 5 6 7 8 |  8.1
Fighting       | 4 5 6 |  6.1
Maces & Flails | 1 |  1.2
Armour         | 3 4 5 6 |  6.6
Stealth        | 1 2 |  2.1
Shields        | 1 2 |  2.3
Dodging        | 3 4 |  4.0

Action                   |  1- 3 |  4- 6 |  7- 9 || total
-------------------------+-------+-------+-------++-------
Melee: Mace              |    36 |       |       ||    36
       Hand axe          |     1 |       |       ||     1
       Headbutt          |    10 |    13 |    16 ||    39
       War axe           |    32 |    72 |    73 ||   177
Invok: Berserk           |       |     1 |     1 ||     2
       Trog's Hand       |       |     1 |     1 ||     2
  Use: Potion            |       |       |     3 ||     3
Armor: Animal skin       |    15 |       |       ||    15
       Scale mail        |    23 |       |       ||    23
       Ring mail         |    10 |    33 |    60 ||   103
Dodge: Dodged            |    58 |    38 |    57 ||   153
Block: Buckler           |     8 |    14 |    18 ||    40
